 Dungeon Crawl Stone Soup version 0.30.1-11-g7821555f0a (webtiles) character file.

Game seed: 15155343762192286408

200 Kritzelbot the Conjurer (level 5, -15/28 HPs)
             Began as a Deep Elf Conjurer on Nov 27, 2023.
             Demolished by a gnoll bouda
             ... wielding a +0 whip
              (20 damage)
             ... on level 4 of the Dungeon.
             The game lasted 00:15:20 (2261 turns).

Kritzelbot the Conjurer (Deep Elf Conjurer)         Turns: 2261, Time: 00:15:20

Health: -15/28     AC:  2    Str:  4    XL:     5   Next: 49%
Magic:  4/14       EV: 12    Int: 25    God:
Gold:   132        SH:  0    Dex: 13    Spells: 10/13 levels left

rFire   . . .        h - +2 demon whip (pain)
rCold   . . .        i - orb {mayhem}
rNeg    . . .        a - +0 robe
rPois   .            (no helmet)
rElec   .            (no cloak)
rCorr   .            (no gloves)
SInv    .            (no boots)
Will    .....        (no amulet)
Stlth   ++           (no ring)
HPRegen 0.24/turn    (no ring)
MPRegen 0.14/turn

%: mayhem
@: weakened
A: no striking features
a: no special abilities


You were on level 4 of the Dungeon.
You visited 1 branch of the dungeon, and saw 4 of its levels.

You collected 132 gold pieces.

Inventory:

Hand Weapons
 h - a +2 demon whip of pain (weapon)
 p - a +3 dagger of pain
Armour
 a - a +0 robe (worn)
 i - an orb of mayhem (worn)
Jewellery
 o - a ring of fire
Scrolls
 d - 8 scrolls of identify {unknown}
 e - a scroll of poison {unknown}
 g - a scroll of enchant armour {unknown}
 n - a scroll of magic mapping {unknown}
 r - a scroll of fog {unknown}
 s - 5 scrolls of teleportation {unknown}
 t - a scroll of fear {unknown}
Potions
 b - a potion of magic
 c - 3 potions of lignification {unknown}
 f - 2 potions of brilliance {unknown}
 j - a potion of haste {unknown}
 k - a potion of flight {unknown}
 l - 2 potions of heal wounds {unknown}
 m - a potion of berserk rage {unknown}
 q - a potion of invisibility {unknown}
 u - a potion of resistance {unknown}


   Skills:
 + Level 0.5 Fighting
 + Level 1.2 Maces & Flails
 + Level 2.8 Dodging
 + Level 3.2 Stealth
 + Level 4.7 Spellcasting
 + Level 5.8 Conjurations


You had 10 spell levels left.
You knew the following spells:

 Your Spells              Type           Power      Damage    Failure   Level
a - Magic Dart            Conj           100%       1d8       1%          1
b - Searing Ray           Conj           68%        2d6       1%          2

Your spell library contained the following spells:

 Spells                   Type           Power      Damage    Failure   Level
 Dazzling Flash           Conj/Hex       40%        N/A       8%          3
 Fulminant Prism          Conj/Hex       10%        3d9       26%         4
 Iskenderun's Mystic Bla  Conj/Tloc      20%        2d6       26%         4


Dungeon Overview and Level Annotations

Branches:
Dungeon (4/15)
 Temple: D:4-7

Altars:

Shops:
D:2 =   D:3 [


Message History

The gnoll bouda is moderately wounded. (Press . to maintain the ray.)
A gnoll comes into view. It is wielding a +0 flail.
The gnoll bouda gazes fiercely through you!
You feel your attacks grow feeble.
Restarting spell: Searing Ray (safe; 1% risk of failure)
Press: ? - help, Q - select action, (/) - cycle Shift-Dir - straight line, f - gnoll, p - gnoll bouda
Aim: a gnoll, wielding a +0 flail (covering ground quickly, 83% to hit)
The searing ray hits the gnoll.
You kill the gnoll!
The gnoll bouda flies into a frenzy!
The searing ray misses the gnoll bouda.
The searing ray misses the gnoll. (Press . to maintain the ray.)
The gnoll bouda hits the gnoll with a +0 whip!
The gnoll dies!
Restarting spell: Searing Ray (safe; 1% risk of failure)
Press: ? - help, Q - select action, (/) - cycle Shift-Dir - straight line, f - gnoll bouda
Aim: a gnoll bouda, wielding a +0 whip and wearing a +0 leather armour (moderately wounded, fast, strong, frenzied and insane, 83% to hit)
The searing ray misses the gnoll bouda. (Press . to maintain the ray.) Restarting spell: Searing Ray (safe; 1% risk of failure)
Press: ? - help, Q - select action, (/) - cycle Shift-Dir - straight line, f/p - gnoll bouda
Aim: a gnoll bouda, wielding a +0 whip and wearing a +0 leather armour (moderately wounded, fast, strong, frenzied and insane, 83% to hit)
The searing ray hits the gnoll bouda.
The gnoll bouda is heavily wounded. (Press . to maintain the ray.)
The gnoll bouda hits you with a +0 whip!
The gnoll bouda closely misses you.
You hit the gnoll bouda.
The gnoll bouda is severely wounded.
The gnoll bouda barely misses you.
You hit the gnoll bouda.
The gnoll bouda is severely wounded.
The gnoll bouda hits you with a +0 whip. x2
* * * LOW HITPOINT WARNING * * *
You barely miss the gnoll bouda.
The gnoll bouda is severely wounded.
The gnoll bouda hits you with a +0 whip!!
Ouch! That really hurt!
You die...

#######.# #.#
##.# ##.# #.#
#)# #..#
#.########).
#.##
#.........).
#.#
#..######...
#.# #... #.#
#...
##.##[####..#
##..
#<...@g..)..#
##.
#..##.###...#
# #. #.# .# #
#.# #.. ...
###


You could see a neutral gnoll bouda (fast, strong, insane).

Vanquished Creatures
  An iguana (D:4)
  2 gnolls (D:4)
  2 adders (D:3)
  2 worms
  A dart slug (D:4)
  9 orcs
  3 ball pythons
  6 endoplasms
  5 giant cockroaches
  7 goblins
  7 hobgoblins
  4 jackals
  6 kobolds
  2 quokkas (D:1)
  9 bats
  2 frilled lizards (D:1)
  3 rats
71 creatures vanquished.

Vanquished Creatures (collateral kills)
  An orc priest (D:4)
  A gnoll (D:4)
  A goblin (D:3)
  A bat (D:3)
4 creatures vanquished.

Grand Total: 75 creatures vanquished

Notes
Turn   | Place    | Note
-------+----------+-------------------------------------------
     0 | D:1      | Kritzelbot the Deep Elf Conjurer began the quest for the
                  | Orb.
     0 | D:1      | Reached XP level 1. HP: 10/10 MP: 6/6
   212 | D:1      | Reached XP level 2. HP: 15/15 MP: 5/8
   328 | D:1      | Found a faded altar of an unknown god.
   359 | D:1      | Reached skill level 5 in Conjurations
   559 | D:2      | Learned a level 2 spell: Searing Ray
   716 | D:2      | Reached XP level 3. HP: 19/19 MP: 3/9
   939 | D:2      | Identified the +0 ring mail of Boredom {Regen+}
  1340 | D:2      | Found Zitaal's Jewellery Shoppe.
  1704 | D:3      | Reached XP level 4. HP: 24/24 MP: 8/11
  2024 | D:3      | Found Jeored's Armour Shoppe.
  2103 | D:4      | Reached skill level 1 in Maces & Flails
  2103 | D:4      | Reached XP level 5. HP: 27/28 MP: 1/13
  2261 | D:4      | Demolished by a gnoll bouda

Illustrated notes

Levels and vault maps discovered:
D:1:      tarquinn_simple_flora_water_d, layout_rooms,
          chequers_ecumenical_altar_island
D:2:      layout_basic, serial_shops, shop, st_stairs_5
D:3:      layout_rooms, serial_shops, nicolae_shop_advertising_works
          [nicolae_subvault_shop_adworks]
D:4:      cheibrodos_fertilizer, layout_loops_ring,
          mainiacjoe_overflow_alcove_1, lemuel_crystal_altar,
          chequers_serial_rivers_small_a, nicolae_figureground_pulse

Skill      XL: |  1  2  3  4 |
---------------+-------------+-----
Conjurations   | 5 |  5.8
Spellcasting   | 4 |  4.7
Maces & Flails | 1 |  1.2
Stealth        | 3 |  3.2
Fighting       | |  0.5
Dodging        | |  2.8

Action                     |  1- 3 |  4- 6 || total
---------------------------+-------+-------++-------
  Melee: Demon whip        |    21 |    17 ||    38
   Cast: Magic Dart        |    51 |       ||    51
         Searing Ray       |    19 |    24 ||    43
   Stab: Sleeping          |     1 |       ||     1
 Armour: Robe              |    12 |     7 ||    19
  Dodge: Dodged            |    33 |    26 ||    59
